 Dungeon Crawl Stone Soup version 0.30-a0-748-ge6a52f7cba (webtiles) character file.

Game seed: 3107544746892253606

3446 Esekla the Covert (level 10, -1/68 HPs)
             Began as an Octopode Delver on Feb 8, 2023.
             Was an Initiate of Gozag.
             Slain by a lorocyproca (6 damage)
             ... on level 2 of the Abyss.
             The game lasted 00:50:50 (8846 turns).

Esekla the Covert (Octopode Delver)                 Turns: 8846, Time: 00:50:51

Health: -1/68      AC:  5    Str: 11    XL:     10   Next: 6%
Magic:  9/15       EV: 14    Int: 17    God:    Gozag
Gold:   979        SH:  0    Dex: 14    Spells: 12/16 levels left

rFire   . . .      SeeInvis .    a - +4 scimitar
rCold   . . .      Faith    .    (no shield)
rNeg    . . .      Spirit   .    (helmet restricted)
rPois   .          Reflect  .    y - amulet of regeneration
rElec   .          Harm     .    L - +4 ring of protection
rCorr   .          Rampage  .    (no ring)
Will    .....                    (no ring)
Stlth   +++++                    (no ring)
HPRegen 1.11/turn                (no ring)
MPRegen 0.14/turn                (no ring)
                                 (no ring)
                                 (no ring)

@: no status effects
A: almost no armour, amphibious, 8 rings, camouflage 1, gelatinous body 1,
(nimble swimmer 1), tentacles
a: Renounce Religion, Potion Petition, Call Merchant, Bribe Branch


You were on level 2 of the Abyss.
You worshipped Gozag.
Gozag was pleased with you.
You visited 2 branches of the dungeon, and saw 10 of its levels.
You visited the Abyss 1 time.

You collected 1668 gold pieces.
You spent 277 gold pieces at shops.
You paid 412 gold pieces to Gozag.

Inventory:

Hand Weapons
 a - a +4 scimitar (weapon)
 r - a +0 trident
 s - a +3 dagger of freezing
Missiles
 l - 2 curare-tipped darts
 w - 13 boomerangs
 x - 23 poisoned darts (quivered)
 M - a throwing net
Jewellery
 e - an amulet of magic regeneration
 m - an amulet of reflection
 y - an amulet of regeneration (around mantle)
 L - a +4 ring of protection (left tentacle)
Wands
 f - a wand of digging (3)
 g - a wand of flame (22)
 C - a wand of iceblast (19)
Scrolls
 b - 3 scrolls of fog
 c - 2 scrolls of magic mapping
 d - 4 scrolls of poison
 h - 2 scrolls of teleportation {unknown}
 i - 2 scrolls of enchant armour {unknown}
 n - 2 scrolls of noise
 t - 2 scrolls of blinking {unknown}
 v - 2 scrolls of enchant weapon {unknown}
 B - 11 scrolls of identify {unknown}
 E - 3 scrolls of vulnerability {unknown}
 G - a scroll of summoning {unknown}
 I - 2 scrolls of immolation {unknown}
 J - a scroll of acquirement {unknown}
Potions
 j - 3 potions of curing
 k - 3 potions of resistance {unknown}
 o - 2 potions of mutation {unknown}
 p - 4 potions of lignification
 q - a potion of attraction {unknown}
 u - 2 potions of brilliance {unknown}
 z - 2 potions of magic {unknown}
 A - a potion of flight {unknown}
 D - a potion of heal wounds {unknown}
 F - a potion of berserk rage {unknown}
 H - a potion of ambrosia {unknown}
 K - 2 potions of might


   Skills:
 * Level 5.7 Fighting
 + Level 2.1(5.2) Short Blades
 * Level 7.5(7.7) Long Blades
 + Level 2.4 Throwing
 * Level 4.5 Dodging
 - Level 9.0 Stealth
 + Level 2.1 Shields
 * Level 3.8 Spellcasting
 * Level 3.9 Conjurations
 + Level 1.1 Translocations
 * Level 2.9 Air Magic
 * Level 3.5 Poison Magic
 + Level 1.0 Evocations


You had 12 spell levels left.
You knew the following spells:

 Your Spells              Type           Power      Damage    Failure   Level
c - Mephitic Cloud        Conj/Pois/Air  15%        N/A       12%         3
p - Apportation           Tloc           14%        N/A       10%         1

Your spell library contained the following spells:

 Spells                   Type           Power      Damage    Failure   Level
 Magic Dart               Conj           64%        1d6       3%          1
 Cigotuvi's Dreadful Rot  Necr/Pois/Air  20%        N/A       10%         2
 Necrotise                Necr           12%        1d4       16%         1
 Summon Small Mammal      Summ           12%        N/A       16%         1
 Call Imp                 Summ           3%         N/A       24%         2
 Gell's Gravitas          Tloc           7%         N/A       30%         3
 Teleport Other           Tloc           7%         N/A       30%         3
 Dispel Undead            Necr           3%         3d7       85%         4
 Death Channel            Necr           1%         N/A       100%        6
 Dispersal                Tloc           3%         N/A       100%        6


Dungeon Overview and Level Annotations

Branches:
Dungeon (9/15)             Temple (1/1) D:5
   Lair: D:8-11         Orc: D:9-12

Altars:
Cheibriados
Dithmenos
Elyvilon
Fedhas
Gozag
Hepliaklqana
Kikubaaqudgha
Makhleb
Nemelex Xobeh
Okawaru
Ru
Vehumet
Wu Jian
Xom
Yredelemnul
Zin
The Shining One

Shops:
D:5 *   D:7 !

Annotations:
D:9 Psyche


Innate Abilities, Weirdness & Mutations

You cannot wear most types of armour.
You are amphibious.
You can wear up to eight rings at the same time.
Your skin changes colour to match your surroundings (Stealth+).
Your rubbery body absorbs attacks. (AC +1, EV +1)
((You are camouflaged when in or above water. (Stealth+)))
You have tentacles for arms and can constrict up to eight enemies at once.


Message History

You hear a chilling moan.
A smoke demon comes into view.
An ice dragon skeleton comes into view.
The small abomination attacks as you move away!
The small abomination hits you!
The ice dragon skeleton barely misses you. x2
The ice dragon skeleton tramples you!
You stumble backwards!
The ice dragon skeleton closely misses you.
The ice dragon skeleton completely misses you.
The ice dragon skeleton closely misses you.
There is a gateway leading deeper into the Abyss here.
The small abomination barely misses you.
The ice dragon skeleton bites you. The ice dragon skeleton claws you!
The ice dragon skeleton tramples you!
You stumble backwards!
You stop descending the stairs.
Okay, then.
Okay, then.
The air fills with toxic fumes!
As you read the scroll labelled DYALAE QYORU, it crumbles to dust.
It was a scroll of poison.
The small abomination misses you.
L - a +4 ring of protection (left tentacle)
Okay, then.
You hit the small abomination but do no damage.
You squeeze the small abomination, but do no damage.
The small abomination closely misses you.
Press: ? - help, v - describe, . - travel The floor.
Deactivating autopickup; reactivate with Ctrl-A.
You miss something. You squeeze something. You barely miss something.
Your squeeze misses something. Something hits you!!
* * * LOW HITPOINT WARNING * * *
You feel your power leaking away.
As you read the scroll labelled FIYLUKK KUATAM, it crumbles to dust.
You hear a loud clanging noise!
It was a scroll of noise.
You hear a roar! x2
The small abomination barely misses you.
Something hits you.
You die...
Your body crumbles into a pile of gold.

## .... # ###.. ##.
#.##§§.#.. .#..##
#§#.....☼# .
.#..#3#. #§§ # .§§
#.#.#..# ###
§§#..#§####.........
# #.#§##.§§§§##.##
#.# #..§§§#§§#☼#..##
# #
#§x.§.#.Z.#...#...
#§@####.#. # ###..#
#§☼# # #...#.# ##
#§§☼# #..#.## #§§§#
..#..## #§#§§ .#..##
###§§ #..### §## #.
#


You could see a small abomination.

Vanquished Creatures
  A yak (D:9)
  2 wyverns
  2 steam dragons
  2 water moccasins
  An orc warrior (D:8)
  2 black bears
  An ice beast (D:5)
  A sky beast (D:7)
  2 ogres
  2 phantoms
  2 kobold brigands (D:8)
  A bullfrog (D:7)
  2 scorpions (D:5)
  A necrophage (D:5)
  13 wights
  2 hounds (D:6)
  A jelly (D:5)
  3 orc priests (D:8)
  4 orc wizards
  Ijyb (D:4)
  4 iguanas
  Robin (D:4)
  4 gnolls
  7 adders
  2 white imps (D:7)
  An ufetubus (D:6)
  2 worms
  A dart slug (D:3)
  24 orcs
  6 endoplasms
  4 giant cockroaches
  11 goblins
  14 hobgoblins
  3 jackals (D:4)
  17 kobolds
  7 quokkas
  3 ball pythons
  6 bats
  2 frilled lizards
  7 rats
172 creatures vanquished.

Vanquished Creatures (others)
  A bush (D:5)
  3 plants
4 creatures vanquished.

Grand Total: 176 creatures vanquished

Notes
Turn   | Place    | Note
-------+----------+-------------------------------------------
     0 | D:5      | Esekla the Octopode Delver began the quest for the Orb.
     0 | D:5      | Reached XP level 1. HP: 16/16 MP: 1/1
    10 | D:5      | Noticed an iguana
    11 | D:5      | Noticed a water moccasin
    53 | D:5      | Found a staircase to the Ecumenical Temple.
    60 | Temple   | Entered the Ecumenical Temple
   139 | D:5      | Found a radiant altar of Vehumet.
   148 | D:5      | Noticed a scorpion
   235 | Temple   | Became a worshipper of Gozag Ym Sagoz the Greedy
   622 | D:1      | Reached XP level 2. HP: 10/21 MP: 2/2
  1060 | D:1      | Found a faded altar of an unknown god.
  1083 | D:2      | Reached skill level 7 in Stealth
  1103 | D:2      | Reached XP level 3. HP: 26/26 MP: 3/3
  1602 | D:2      | Found a sacrificial altar of Ru.
  2033 | D:3      | Reached XP level 4. HP: 22/31 MP: 4/4
  2430 | D:3      | Noticed Robin
  2430 | D:3      | Noticed Ijyb
  2786 | D:4      | Reached skill level 1 in Spellcasting
  2840 | D:4      | Noticed a black bear
  2963 | D:4      | Killed a black bear
  2964 | D:4      | Reached skill level 1 in Shields
  2964 | D:4      | Reached XP level 5. HP: 21/36 MP: 5/7
  3464 | D:4      | Reached XP level 6. HP: 42/42 MP: 8/8
  3819 | D:5      | Reached skill level 1 in Short Blades
  3990 | D:5      | Found an iron altar of Okawaru.
  4191 | D:4      | Killed Ijyb
  4266 | D:4      | Killed Robin
  4614 | D:5      | Learned a level 3 spell: Mephitic Cloud
  4633 | D:5      | Reached XP level 7. HP: 37/47 MP: 9/9
  4705 | D:5      | Reached skill level 8 in Stealth
  4885 | D:5      | Found a basalt altar of Yredelemnul.
  5019 | D:5      | Reached skill level 5 in Long Blades
  5019 | D:5      | Reached skill level 1 in Air Magic
  5019 | D:5      | Reached skill level 1 in Poison Magic
  5032 | D:5      | Bought a fuming red potion for 26 gold pieces
  5032 | D:5      | Bought a fuming golden potion for 26 gold pieces
  5032 | D:5      | Bought a murky green potion for 26 gold pieces
  5032 | D:5      | Bought 3 scrolls labelled DYALAE QYORU for 87 gold pieces
  5234 | D:6      | Reached skill level 1 in Conjurations
  5261 | D:6      | Found a glowing silver altar of Zin.
  5296 | D:6      | Reached XP level 8. HP: 54/54 MP: 11/11
  5655 | D:5      | Reached skill level 1 in Throwing
  5784 | D:6      | Reached skill level 9 in Stealth
  5846 | D:6      | Identified the +2 sling of Anumie {freeze, Fly rPois Int-3}
  6453 | D:7      | Found Ciamoink's Distillery.
  6459 | D:7      | Bought a potion of lignification for 42 gold pieces
  6459 | D:7      | Bought a potion of might for 56 gold pieces
  6459 | D:7      | Bought a potion of degeneration for 14 gold pieces
  6891 | D:8      | Reached XP level 9. HP: 59/59 MP: 13/13
  6992 | D:7      | Learned a level 1 spell: Apportation
  7002 | D:8      | Reached skill level 5 in Fighting
  8001 | D:9      | Reached skill level 1 in Evocations
  8303 | D:9      | Noticed a troll
  8336 | D:9      | Reached skill level 1 in Translocations
  8413 | D:9      | Reached XP level 10. HP: 45/68 MP: 11/15
  8732 | D:9      | Noticed Psyche
  8735 | Abyss:2  | Cast into level 2 of the Abyss (Psyche)
  8757 | Abyss:2  | Noticed a phantasmal warrior
  8817 | Abyss:2  | Noticed a lich
  8826 | Abyss:2  | Noticed a smoke demon
  8846 | Abyss:2  | Slain by a lorocyproca

Illustrated notes

Levels and vault maps discovered:
D:1:      heliophobic_arrival_dark_side_of_the_moon, layout_loops_cross,
          shapermc_ecumenical_altar_mp_ritualfount, minivault_23, minivault_14,
          nrook_campfire
D:2:      layout_basic, basic_altar, minmay_tetromino_i4
D:3:      layout_loops_ring, serial_bayou, serial_bayou_ford_a,
          serial_bayou_pond_d, serial_bayou_pond_b, serial_bayou_shore_b,
          kennysheep_pointless_box, corner_web_ring, uniq_robin, uniq_ijyb
D:4:      layout_basic, serial_corexii_hall, chequers_hall_statues_corner_a,
          chequers_hall_statues_wall_a, chequers_hall_statues_wall_a,
          kennysheep_cross_room
D:5:      layout_loops_ring, vehumet_crystals,
          mainiacjoe_overflow_catch_the_wave, minmay_temple_entry_wispy
D:6:      layout_rooms, zin_statuary
D:7:      layout_gridville, serial_shops, shop, eino_curves_04
D:8:      layout_cave_pools, serial_glass, glass_columns_a, glass_columns_b
D:9:      layout_long_grid, eino_house_with_fridge, uniq_psyche
Temple:   hc_temple_tempest_star
Abyss:2:  base: D:2, bh_abyss_xom_lugonu_altar

Skill      XL: |  1  2  3  4  5  6  7  8  9 |
---------------+----------------------------+-----
Stealth        | 7 8 9 |  9.0
Spellcasting   | 1 2 3 |  3.8
Long Blades    | 3 4 5 6 7 |  7.5
Shields        | 1 2 |  2.1
Short Blades   | 1 2 |  2.1
Dodging        | 3 4 |  4.5
Fighting       | 4 5 |  5.7
Air Magic      | 1 2 |  2.9
Poison Magic   | 1 2 3 |  3.5
Conjurations   | 2 3 |  3.9
Throwing       | 1 2 |  2.4
Evocations     | 1 |  1.0
Translocations | 1 |  1.1

Action                     |  1- 3 |  4- 6 |  7- 9 | 10-12 || total
---------------------------+-------+-------+-------+-------++-------
  Melee: Falchion          |    66 |   104 |    49 |       ||   219
         Constrict         |    19 |    32 |    35 |       ||    86
         Tentacles         |    12 |    22 |    39 |     2 ||    75
         Dagger            |    12 |     8 |    27 |     1 ||    48
         Punch             |     2 |     1 |     4 |       ||     7
         Long sword        |       |       |    48 |       ||    48
         Scimitar          |       |       |    50 |     3 ||    53
  Throw: Boomerang         |       |     6 |    13 |       ||    19
         Dart              |       |     2 |    38 |       ||    40
   Cast: Mephitic Cloud    |       |       |    10 |     1 ||    11
         Apportation       |       |       |    17 |       ||    17
 Invoke: Call Merchant     |       |       |     1 |       ||     1
  Evoke: Wand              |       |       |    23 |       ||    23
    Use: Scroll            |     1 |     1 |       |     2 ||     4
         Potion            |       |       |     3 |     1 ||     4
   Stab: Sleeping          |    12 |     9 |    10 |     1 ||    32
         Distracted        |       |     4 |     1 |       ||     5
         Confused          |       |       |     5 |       ||     5
 Armour: Skin              |     4 |     4 |     3 |       ||    11
  Dodge: Dodged            |    24 |    60 |    91 |     9 ||   184
  Block: Other             |     8 |    22 |    11 |       ||    41

Table legend: (Time is in decaauts)
 A = Elapsed time spent in this place.
 B = Non-inter-level travel time spent in this place.
 C = Inter-level travel time spent in this place.
 D = Time resting spent in this place.
 E = Time spent auto-exploring this place.
 F = Levels seen in this place.
 G = Mean time per level.
                   A        B        C        D        E       F      G
               +--------+--------+--------+--------+--------+-----+--------+
         Total |   8815 |   8480 |    335 |   1506 |   2072 |  11 |  801.4 |
       Dungeon |   8622 |   8302 |    320 |   1506 |   2027 |   9 |  958.0 |
        Temple |     83 |     68 |     15 |      0 |     45 |   1 |   83.0 |
         Abyss |    110 |    110 |      0 |      0 |      0 |   1 |  110.0 |
               +--------+--------+--------+--------+--------+-----+--------+

Top non-repeatable levels by time:
     D:5: 1466 daAuts
     D:4: 1336 daAuts
     D:8: 1052 daAuts
     D:3: 1033 daAuts
     D:2: 993 daAuts
     D:1: 729 daAuts
     D:7: 693 daAuts
     D:9: 664 daAuts
     D:6: 652 daAuts
 Abyss:2: 110 daAuts
  Temple: 83 daAuts
